AoeStats
← romeo63

Black Forest

510154019Analyzed
4v4 RM · 3d ago on Sep 29, 2026· 45m 38s· 8 players
Game mode
Random Map
Map size
Large (8 player)
Population
200
Speed
Normal
Resources
Standard
Victory
Conquest
Starting age
Dark Age
Ending age
Imperial Age
RankedLock teamsTeams togetherTeam positionsShared explorationLock speedFull tech treeHidden civsTurbo modeCheats
Victory
Defeat
🇿🇦 Persians · South Africa
1115
+13
🇺🇸 Ethiopians · United States
1066
+14
🇹🇼 Portuguese · Taiwan
1064
+15
🇹🇼 Franks · Taiwan
1060
+15
🇹🇷 Khmer · Türkiye
1158
-19
🇹🇷 Italians · Türkiye
1032
-14
🇹🇷 Teutons · Türkiye
974
-12
🇹🇷 Franks · Türkiye
973
-12
bimurock
0:37 Loom
11:22 Feudal Age
12:56 Double-Bit Axe
16:08 Castle Age
16:19 Wheelbarrow
17:11 Wheelbarrow
17:18 Bow Saw
17:10 Horse Collar
20:33 Stone Mining
20:34 Gold Mining
21:36 Heavy Plow
23:47 Fletching
24:25 Bodkin Arrow
29:38 Imperial Age
27:59 Hand Cart
28:12 Forging
28:57 Town Watch
29:22 Scale Mail Armor
31:27 Chemistry
30:56 Conscription
31:32 Crop Rotation
32:11 Bracer
32:36 Arquebus
32:22 Treadmill Crane
32:53 Fortified Wall
32:40 Murder Holes
34:19 Iron Casting
34:40 Chain Mail Armor
38:30 Blast Furnace
38:00 Plate Mail Armor
39:27 Two-Man Saw
40:04 Siege Engineers
40:12 Masonry
42:37 Ballistics
42:37 Bombard Tower
42:51 Architecture
44:28 Padded Archer Armor
43:53 Elite Organ Gun
Rockcold
10:43 Feudal Age
11:42 Double-Bit Axe
14:36 Castle Age
15:52 Bow Saw
20:45 Wheelbarrow
22:04 Hand Cart
23:02 Gold Mining
25:55 Loom
29:49 Imperial Age
29:46 Scale Barding Armor
29:51 Forging
29:49 Stone Mining
30:40 Gold Shaft Mining
30:02 Cavalier
31:01 Caravan
31:23 Chain Barding Armor
31:38 Iron Casting
31:07 Husbandry
32:15 Chemistry
31:21 Siege Engineers
32:32 Plate Barding Armor
31:19 Paladin
35:09 Blast Furnace
35:26 Light Cavalry
37:01 Chivalry
37:21 Conscription
39:29 Coinage
42:25 Hoardings
42:24 Fletching
43:11 Banking
42:56 Masonry
42:26 Treadmill Crane
43:01 Fortified Wall
Straat Kat
6:44 Loom
11:18 Feudal Age
15:35 Castle Age
14:03 Double-Bit Axe
14:01 Horse Collar
29:40 Imperial Age
27:46 Wheelbarrow
30:14 Scale Barding Armor
30:20 Forging
31:07 Hand Cart
30:38 Town Watch
32:14 Chain Barding Armor
32:30 Iron Casting
31:29 Elite War Elephant
32:31 Conscription
32:16 Husbandry
32:27 Bloodlines
33:47 Plate Barding Armor
35:06 Blast Furnace
34:58 Caravan
39:29 Bow Saw
39:24 Town Patrol
45:37 Two-Man Saw
ask
11:13 Feudal Age
17:24 Castle Age
15:16 Double-Bit Axe
15:25 Gold Mining
18:36 Bow Saw
19:17 Horse Collar
24:17 Wheelbarrow
30:56 Imperial Age
28:34 Gold Mining
29:15 Forging
29:06 Scale Mail Armor
30:12 Fletching
30:39 Chain Mail Armor
30:59 Iron Casting
31:04 Bodkin Arrow
33:09 Chemistry
32:15 Siege Engineers
31:37 Onager
33:43 Conscription
34:37 Torsion Engines
35:10 Caravan
36:19 Siege Onager
38:10 Heavy Scorpion
38:27 Halberdier
39:08 Squires
41:21 Blast Furnace
40:51 Plate Mail Armor
41:37 Ballistics
42:52 Capped Ram
43:11 Capped Ram
43:55 Siege Ram
romeo63
11:15 Feudal Age
11:50 Double-Bit Axe
12:37 Horse Collar
18:43 Castle Age
17:54 Gold Mining
19:57 Bow Saw
21:06 Wheelbarrow
28:14 Imperial Age
26:12 Heavy Plow
27:27 Hand Cart
27:05 Pikeman
27:46 Squires
27:48 Scale Mail Armor
29:57 Chemistry
30:54 Two-Man Saw
30:13 Halberdier
34:58 Siege Engineers
35:08 Caravan
34:48 Cavalier
38:41 Chain Mail Armor
38:36 Forging
40:00 Plate Mail Armor
41:10 Iron Casting
45:08 Blast Furnace
hannibal
0:37 Loom
11:00 Feudal Age
12:58 Double-Bit Axe
18:20 Castle Age
16:58 Horse Collar
20:45 Bow Saw
21:22 Heavy Plow
22:06 Stone Mining
22:08 Gold Mining
23:25 Wheelbarrow
28:11 Imperial Age
26:52 Hand Cart
26:23 Town Watch
27:18 Caravan
28:44 Stone Shaft Mining
28:47 Gold Shaft Mining
29:19 Pikeman
29:45 Arson
30:11 Scale Mail Armor
30:21 Forging
31:13 Chain Mail Armor
31:29 Conscription
32:46 Bloodlines
32:37 Husbandry
33:48 Crop Rotation
33:21 Town Patrol
33:58 Iron Casting
33:47 Ballistics
33:39 Light Cavalry
34:25 Scale Barding Armor
35:08 Double Crossbow
36:20 Chemistry
35:28 Hussar
36:52 Halberdier
38:49 Blast Furnace
KingArthur
10:34 Feudal Age
19:27 Castle Age
17:18 Double-Bit Axe
17:30 Gold Mining
17:35 Stone Mining
17:44 Loom
18:53 Scale Barding Armor
19:04 Forging
28:00 Imperial Age
26:32 Bow Saw
27:05 Gold Shaft Mining
27:26 Husbandry
28:04 Iron Casting
28:46 Ballistics
28:55 Chain Barding Armor
32:06 Blast Furnace
30:57 Cavalier
32:10 Conscription
33:14 Chemistry
34:18 Paladin
35:45 Plate Barding Armor
Çalooo
0:49 Loom
12:30 Feudal Age
17:55 Castle Age
17:29 Wheelbarrow
16:46 Double-Bit Axe
16:45 Horse Collar
19:19 Wheelbarrow
30:43 Imperial Age
28:55 Bow Saw
28:50 Heavy Plow
29:17 Ballistics
30:04 Stone Mining
30:52 Silk Road
30:54 Padded Archer Armor
30:45 Fletching
33:16 Chemistry
33:54 Gold Mining
33:35 Elite Genoese Crossbowman
35:12 Leather Archer Armor
36:36 Ring Archer Armor
36:02 Bodkin Arrow
43:33 Elite Skirmisher
Connection lost

Rejoining the realm…

Still unreachable

The connection could not be restored.

Session expired

The server has moved on; the page needs a fresh start.